 Dungeon Crawl Stone Soup version 0.31-a0-667-g39726597b9 (webtiles) character file.

Game seed: 13467367067827899830

14107 jlumianski the Cleaver (level 11, -4/99 HPs)
             Began as a Demonspawn Fighter on Sept 3, 2023.
             Was an Elder of Qazlal.
             Slain by a white ugly thing (13 damage)
             ... on level 9 of the Dungeon.
             The game lasted 00:45:37 (10806 turns).

jlumianski the Cleaver (Demonspawn Fighter)        Turns: 10806, Time: 00:45:39

Health: -4/99      AC: 23    Str: 20    XL:     11   Next: 84%
Magic:  11/11      EV: 14    Int:  9    God:    Qazlal [****..]
Gold:   281        SH: 10    Dex: 14    Spells: 10/10 levels left

rFire   . . .        g - +6 broad axe
rCold   . . .        c - +0 buckler
rNeg    + . .        M - +3 chain mail {Will+}
rPois   .            p - +2 helmet
rElec   .            (no cloak)
rCorr   .            Q - +0 pair of gloves
SInv    .            h - +2 pair of boots
Will    +....        (no amulet) Stlth
                     L - +5 ring of evasion
HPRegen 0.36/turn    t - ring of positive energy
MPRegen 0.12/turn

%: repel missiles
@: mighty, studying Fighting
A: hooves 1, icy blue scales 1, foul stench 2, demonic magic 2, robust 1
a: Renounce Religion, Upheaval, Elemental Force


You were on level 9 of the Dungeon.
You worshipped Qazlal.
Qazlal was greatly pleased with you.
You visited 3 branches of the dungeon, and saw 13 of its levels.
You also visited: Bailey.

You collected 805 gold pieces.
You spent 524 gold pieces at shops.

Inventory:

Hand Weapons
 a - a +0 war axe
 d - a +3 whip
 g - a +6 broad axe (weapon)
 l - a +1 glaive of protection
 n - a +1 dagger of venom
 r - a +1 vampiric morningstar
 s - the +6 trident of Deformation {freeze, rElec Stlth+}
   (You found it on level 6 of the Dungeon)

   rElec:     It insulates you from electricity.
   Stlth+:    It makes you more stealthy.
 A - a +1 dagger of flaming
 G - a +0 long sword of flaming
 I - a +2 short sword of draining
 K - the +0 short sword of Nosm {drain, Contam rPois Dex+6}
   (You found it on level 4 of the Dungeon)

   Dex+6:     It affects your dexterity (+6).
   rPois:     It protects you from poison Contam: It causes magical
   contamination when unequipped.
 U - a +2 heavy hand axe
Missiles
 f - 64 stones
 o - 2 curare-tipped darts
 y - 7 boomerangs (quivered)
 J - a throwing net
 S - 8 poisoned darts
Armour
 b - a +0 scale mail
 c - a +0 buckler (worn)
 h - a +2 pair of boots (worn)
 p - a +2 helmet (worn)
 q - a +0 chain mail
 H - a +1 chain mail of fire resistance
 M - a +3 chain mail of willpower (worn)
 Q - a +0 pair of gloves (worn)
 R - a +0 plate armour
Jewellery
 t - a ring of positive energy (right hand)
 L - a +5 ring of evasion (left hand)
Talismans
 D - a serpent talisman
Wands
 u - a wand of iceblast (4)
 B - a wand of polymorph (13)
 X - a wand of digging (5)
 Z - a wand of flame (11)
Scrolls
 k - a scroll of revelation
 v - 3 scrolls of fog
 C - a scroll of teleportation
 O - 2 scrolls of immolation
 T - 4 scrolls of amnesia
 W - a scroll of poison
Potions
 e - 6 potions of curing
 i - a potion of attraction
 j - a potion of heal wounds
 m - 13 potions of degeneration
 w - 2 potions of lignification
 x - a potion of brilliance
 z - 2 potions of haste
 E - 2 potions of mutation
 F - a potion of magic
 N - a potion of cancellation
 P - a potion of resistance {unknown}
 V - 2 potions of invisibility


   Skills:
 + Level 9.8 Fighting
 + Level 12.6 Axes
 + Level 2.2 Throwing
 + Level 7.8 Armour
 + Level 3.7 Dodging
 - Level 0.3 Stealth
 + Level 6.3 Shields
 + Level 1.0 Invocations


You had 10 spell levels left.
You didn't know any spells.
Your spell library contained the following spells:

 Spells                   Type           Power      Damage    Failure   Level
 Freeze                   Ice            0%         1d3       97%         1
 Sting                    Tmut/Pois      0%         1d3       97%         1
 Summon Small Mammal      Summ           0%         N/A       97%         1
 Cigotuvi's Dreadful Rot  Necr/Pois/Air  0%         N/A       99%         2
 Call Canine Familiar     Summ           0%         N/A       100%        3
 Dazzling Flash           Conj/Hex       0%         N/A       100%        3
 Frozen Ramparts          Ice            0%         1d1       100%        3
 Hailstorm                Conj/Ice       0%         3d3       100%        3
 Ignite Poison            Fire/Tmut/Pois 0%         N/A       100%        3
 Summon Guardian Golem    Hex/Summ       0%         N/A       100%        3
 Volatile Blastmotes      Fire/Tloc      0%         2d10      100%        3
 Summon Ice Beast         Ice/Summ       0%         N/A       100%        4
 Freezing Cloud           Conj/Ice/Air   0%         6-21      100%        5
 Summon Mana Viper        Hex/Summ       0%         N/A       100%        5
 Starburst                Conj/Fire      0%         6d3       100%        6
 Monstrous Menagerie      Summ           0%         N/A       100%        7
 Maxwell's Capacitive Co  Air            0%         ∞         100%        8


Dungeon Overview and Level Annotations

Branches:
Dungeon (11/15)            Temple (1/1) D:7             Orc (1/2) D:9
 Bailey (visited)
   Lair: D:8-11

Altars:
Ashenzari
Cheibriados
Dithmenos
Fedhas
Gozag
Hepliaklqana
Kikubaaqudgha
Makhleb
Nemelex Xobeh
Okawaru
Qazlal
Ru
Sif Muna
Trog
Uskayaw
Vehumet
Wu Jian
Xom
Yredelemnul

Shops:
D:4 *   D:5 *   D:6 *   D:7 [


Innate Abilities, Weirdness & Mutations

You have large cloven feet.
You are partially covered in icy blue scales. (AC +2)
You sometimes emit foul miasma when damaged in melee.
Spells you cast may paralyse nearby enemies.
You are robust. (+10% HP)


Message History

You climb downwards.
There is a stone staircase leading up, spattered with blood here.
You hear a horrible gurgling sound!
You hear a horrible gurgling sound!
A white ugly thing is nearby!
Throw: 7 boomerangs
Press: ? - help, Q - select action, (/) - cycle Shift-Dir - straight line, f - white ugly thing
Aim: a white ugly thing (62% to hit)
You throw a boomerang.
The boomerang hits the white ugly thing.
The white ugly thing is lightly wounded.
Throw: 7 boomerangs
Press: ? - help, Q - select action, (/) - cycle Shift-Dir - straight line, f/p - white ugly thing
Aim: a white ugly thing (lightly wounded, 62% to hit)
You throw a boomerang.
The boomerang hits the white ugly thing.
The white ugly thing is lightly wounded.
The white ugly thing is engulfed in freezing vapours.
You block the white ugly thing's attack.
The white ugly thing is engulfed in freezing vapours.
The white ugly thing gores you! The white ugly thing freezes you!!
You climb upwards.
There is a stone staircase leading down, spattered with blood here.
You slash the white ugly thing!
The white ugly thing is heavily wounded.
The white ugly thing barely misses you.
You barely miss the white ugly thing.
The white ugly thing is heavily wounded.
The white ugly thing gores you. The white ugly thing freezes you!!
* * * LOW HITPOINT WARNING * * *
You slash the white ugly thing!
The white ugly thing is severely wounded.
The white ugly thing gores you but does no damage.
You hit the white ugly thing.
The white ugly thing is severely wounded.
The white ugly thing is engulfed in blazing flames.
The white ugly thing gores you!
* * * LOW HITPOINT WARNING * * *
The white ugly thing freezes you!
You die...

.....# #.#
.....##################.#
........................#
###..##################.#
#..# #.# #..# #.#
#..##################.#
###............÷.§......#
................@u......#
#######################.#
#.# #.# #.#
#######################.#
........................#
#########################


You could see a white ugly thing.

Vanquished Creatures
  2 vault guards (Bailey)
  A two-headed ogre (D:9)
  An ugly thing (D:9)
  A manticore (D:9)
  A komodo dragon (D:9)
  A freezing wraith (D:9)
  A troll (D:9)
  Prince Ribbit (D:7)
  A blink frog (Bailey)
  A wyvern (D:10)
  A wraith (D:8)
  2 shadows
  5 humans (Bailey)
  19 yaks
  3 steam dragons
  A basilisk (D:10)
  A vampire mosquito (D:10)
  Menkaure (D:3)
  Edmund (D:3)
  Duvessa (D:3)
  A water moccasin (D:10)
  A swamp drake (D:9)
  8 orc warriors
  2 black bears
  A sky beast (D:8)
  4 centaurs
  2 ogres
  A gnoll sergeant (D:9)
  6 scorpions
  18 bullfrogs
  Dowan (D:3)
  4 wights
  13 killer bees
  6 howler monkeys
  A lava snake (D:7)
  6 hounds
  7 orc priests
  2 gnoll boudas
  2 iguanas (D:5)
  8 orc wizards
  Robin (D:2)
  18 gnolls
  7 adders
  4 shadow imps
  7 white imps
  9 ufetubi
  2 worms (D:2)
  2 dart slugs
  49 orcs
  3 bats
  8 endoplasms
  24 goblins
  10 hobgoblins
  6 jackals
  6 kobolds
  4 quokkas
  2 ball pythons
  2 frilled lizards
  A rat (D:2)
305 creatures vanquished.

Vanquished Creatures (others)
  An orc (D:9)
1 creature vanquished.

Grand Total: 306 creatures vanquished

Notes
Turn   | Place    | Note
-------+----------+-------------------------------------------
     0 | D:1      | jlumianski the Demonspawn Fighter began the quest for the
                  | Orb.
     0 | D:1      | Reached XP level 1. HP: 18/18 MP: 1/1
   162 | D:1      | Gained mutation: You are partially covered in icy blue
                  | scales. (AC +2) [demonic ancestry]
   162 | D:1      | Reached XP level 2. HP: 24/24 MP: 2/2
   635 | D:1      | Reached skill level 2 in Axes
   832 | D:2      | Found a faded altar of an unknown god.
  1111 | D:4      | Noticed Dowan
  1115 | D:4      | Noticed Duvessa
  1116 | D:4      | Noticed Edmund
  1165 | D:2      | Gained mutation: You have large cloven feet. [demonic
                  | ancestry]
  1165 | D:2      | Reached XP level 3. HP: 29/29 MP: 3/3
  1438 | D:4      | Noticed Menkaure
  1438 | D:4      | Found Nisu's General Store.
  1443 | D:3      | Killed Menkaure
  1444 | D:3      | Reached skill level 3 in Axes
  1444 | D:3      | Gained mutation: You may rarely emit foul miasma when
                  | damaged in melee. [demonic ancestry]
  1444 | D:3      | Reached XP level 4. HP: 6/35 MP: 4/4
  1444 | D:3      | Gained mutation: Spells you cast may paralyse adjacent
                  | enemies. [demonic ancestry]
  1444 | D:3      | Reached XP level 5. HP: 8/41 MP: 5/5
  2151 | D:3      | Noticed Robin
  2321 | D:2      | Killed Robin
  3158 | D:3      | Reached skill level 4 in Axes
  3158 | D:3      | Reached XP level 6. HP: 47/48 MP: 6/6
  3169 | D:4      | Noticed Blork the orc
  3364 | D:4      | Bought a potion of heal wounds for 70 gold pieces
  3375 | D:5      | Entered Level 5 of the Dungeon
  3610 | D:5      | Reached skill level 1 in Dodging
  3801 | D:5      | Reached XP level 7. HP: 44/54 MP: 7/7
  3937 | D:5      | Reached skill level 5 in Axes
  4105 | D:5      | Found a shimmering blue altar of Sif Muna.
  4112 | D:5      | Got Sif Muna's Parchment of the Shifting Chill
  4117 | D:5      | Found a bloodstained altar of Trog.
  4183 | D:5      | Found Lyuclu's Assorted Antiques.
  4191 | D:5      | Bought a shiny chain mail for 165 gold pieces
  4677 | D:3      | Killed Edmund
  4678 | D:3      | Reached skill level 5 in Armour
  4715 | D:3      | Killed Duvessa
  4715 | D:3      | Killed Dowan
  4716 | D:3      | Reached skill level 6 in Axes
  4716 | D:3      | Reached skill level 1 in Throwing
  4716 | D:3      | Reached XP level 8. HP: 25/61 MP: 8/8
  4839 | D:4      | Blork the orc changed into Blork the hound
  4839 | D:4      | Noticed Blork
  4845 | D:4      | Killed Blork the hound
  4930 | D:4      | Identified the +0 short sword of Nosm {drain, Contam rPois
                  | Dex+6}
  5488 | D:6      | Found Seiwem's Assorted Antiques.
  5722 | D:7      | Reached skill level 5 in Fighting
  5737 | D:7      | Reached skill level 7 in Axes
  5762 | D:7      | Found a staircase to the Ecumenical Temple.
  5789 | Temple   | Entered the Ecumenical Temple
  5823 | Temple   | Became a worshipper of Qazlal Stormbringer
  5902 | D:7      | Found a flagged portal.
  5915 | Bailey   | Entered a bailey
  6018 | Bailey   | Gained mutation: Spells you cast may paralyse nearby
                  | enemies. [demonic ancestry]
  6018 | Bailey   | Reached XP level 9. HP: 56/68 MP: 9/9
  6145 | Bailey   | Reached skill level 8 in Axes
  6210 | Bailey   | Noticed a vault guard
  6239 | Bailey   | Killed a vault guard
  6240 | Bailey   | Reached skill level 9 in Axes
  6246 | Bailey   | Reached * piety under Qazlal
  6247 | Bailey   | Gained mutation: You sometimes emit foul miasma when
                  | damaged in melee. [demonic ancestry]
  6247 | Bailey   | Reached XP level 10. HP: 31/76 MP: 10/10
  6400 | Bailey   | Noticed a vault guard
  6427 | Bailey   | Killed a vault guard
  6474 | Bailey   | Identified a scroll of acquirement
  6474 | Bailey   | Acquired a manual of Fighting
  6732 | D:6      | Gained mutation: You are robust. (+10% HP) [potion of
                  | mutation]
  6830 | D:6      | Identified the +6 trident of Deformation {freeze, rElec
                  | Stlth+}
  7078 | D:5      | Bought 2 scrolls of identify for 88 gold pieces
  7263 | D:4      | Bought a wand of iceblast (6) for 201 gold pieces
  7334 | D:7      | Reached skill level 5 in Shields
  7453 | D:7      | Noticed Prince Ribbit
  7475 | D:7      | Killed Prince Ribbit
  7476 | D:7      | Reached skill level 10 in Axes
  7668 | D:7      | Found Meagy's Armour Shoppe.
  8050 | D:8      | Reached ** piety under Qazlal
  8736 | D:8      | Reached skill level 11 in Axes
  8957 | D:9      | Reached XP level 11. HP: 95/95 MP: 11/11
  9102 | D:10     | Entered Level 10 of the Dungeon
  9447 | D:9      | Reached *** piety under Qazlal
  9725 | D:9      | Noticed a cyan ugly thing
  9743 | D:9      | Killed a cyan ugly thing
  9746 | D:9      | Found a staircase to the Orcish Mines.
  9846 | Orc:1    | Entered Level 1 of the Orcish Mines
  9846 | Orc:1    | Noticed an orc knight
  9972 | D:9      | Reached skill level 12 in Axes
  9972 | D:9      | Reached skill level 1 in Invocations
 10047 | D:10     | Noticed a white ugly thing
 10049 | D:10     | Noticed a deep elf pyromancer
 10732 | D:10     | Reached **** piety under Qazlal
 10740 | D:10     | Noticed a two-headed ogre
 10771 | D:9      | Killed a two-headed ogre
 10806 | D:9      | Slain by a white ugly thing

Illustrated notes

Levels and vault maps discovered:
D:1:      eino_arrival_water_cross, layout_loops_ring, fountainhead,
          minmay_gold_behind_fungi, chequers_serial_rivers_micro_b
D:2:      layout_basic, basic_ecumenical_altar
D:3:      layout_basic, grunt_ministairs_12, uniq_robin
D:4:      minmay_evil_eye, layout_rooms, nicolae_stop_n_shop_1,
          hangedman_abyss_or_decor_lesser_grid, uniq_duvessa, uniq_edmund,
          uniq_blork_the_orc, uniq_menkaure
D:5:      layout_gridville, nzn_overflow_gifts_of_might_and_magic, serial_shops,
          shop
D:6:      layout_basic, marbit_many_paths, serial_shops, shop, hex_large
D:7:      layout_basic, minmay_temple_entry_arrows, serial_shops, shop_coins,
          enter_bailey_3, kennysheep_generic_room_16, uniq_prince_ribbit1
D:8:      layout_loops_ring, serial_demonic, serial_demonic_d, serial_demonic_f,
          serial_demonic_a, serial_demonic_d, serial_demonic_b,
          serial_demonic_f, serial_demonic_d, serial_demonic_e
D:9:      layout_long_grid, erik_orc_1
D:10:     minmay_curly_fans, layout_basic, due_lair_maze_entry_diamond
D:11:     layout_loops_cross
Temple:   hellmonk_temple_of_storms
Orc:1:    layout_caves, basic_altar, trog_butcher_becter

Skill      XL: |  1  2  3  4  5  6  7  8  9 10 11 |
---------------+----------------------------------+-----
Armour         | 3 4 5 6 7 |  7.8
Axes           | 2 3 4 6 7 9 11 12 | 12.6
Shields        | 3 4 5 6 |  6.3
Fighting       | 4 5 6 8 9 |  9.8
Dodging        | 1 2 3 |  3.7
Throwing       | 1 2 |  2.2
Invocations    | 1 |  1.0
Stealth        | |  0.3

Action                     |  1- 3 |  4- 6 |  7- 9 | 10-12 || total
---------------------------+-------+-------+-------+-------++-------
  Melee: War axe           |    76 |   160 |   367 |       ||   603
         Broad axe         |       |       |     2 |   345 ||   347
  Throw: Dart              |       |     6 |     8 |     2 ||    16
         Boomerang         |       |       |     1 |     2 ||     3
         Throwing net      |       |       |       |     1 ||     1
 Invoke: Upheaval          |       |       |       |     1 ||     1
         Elemental Force   |       |       |       |     1 ||     1
  Evoke: Wand              |       |       |     1 |     2 ||     3
    Use: Potion            |     1 |     1 |     6 |     3 ||    11
         Scroll            |       |     2 |     6 |    17 ||    25
   Stab: Confused          |       |       |       |     1 ||     1
 Armour: Scale mail        |    57 |   132 |       |       ||   189
         Chain mail        |       |     4 |   307 |   261 ||   572
  Dodge: Dodged            |    22 |    72 |   276 |   298 ||   668
  Block: Buckler           |    14 |    39 |   111 |   190 ||   354

Table legend: (Time is in decaauts)
 A = Elapsed time spent in this place.
 B = Non-inter-level travel time spent in this place.
 C = Inter-level travel time spent in this place.
 D = Time resting spent in this place.
 E = Time spent auto-exploring this place.
 F = Levels seen in this place.
 G = Mean time per level.
                   A        B        C        D        E       F      G
               +--------+--------+--------+--------+--------+-----+--------+
         Total |  11047 |  10548 |    499 |   1452 |   4829 |  14 |  789.1 |
       Dungeon |  10359 |   9860 |    499 |   1206 |   4779 |  11 |  941.7 |
        Temple |     47 |     47 |      0 |      0 |      0 |   1 |   47.0 |
  Orcish Mines |      4 |      4 |      0 |      0 |      0 |   1 |    4.0 |
        Bailey |    637 |    637 |      0 |    246 |     50 |   1 |  637.0 |
               +--------+--------+--------+--------+--------+-----+--------+

Top non-repeatable levels by time:
     D:9: 1780 daAuts
     D:5: 1543 daAuts
     D:3: 1446 daAuts
     D:2: 1347 daAuts
     D:7: 916 daAuts
     D:8: 863 daAuts
     D:1: 794 daAuts
     D:6: 746 daAuts
  Bailey: 637 daAuts
     D:4: 567 daAuts
    D:10: 352 daAuts
  Temple: 47 daAuts
   Orc:1: 4 daAuts
    D:11: 1 daAuts
